 Dungeon Crawl Stone Soup version 0.31-a0-174-g85c54bcb58 (webtiles) character file.

Game seed: 2466179279243346846

299 TrayleKats the Magician (level 6, -3/32 HPs)
             Began as a Deep Elf Air Elementalist on June 15, 2023.
             Was an Initiate of Sif Muna.
             Slain by a gnoll
             ... wielding a +0 club
             ... led by a gnoll bouda
              (8 damage)
             ... on level 4 of the Dungeon.
             The game lasted 00:04:36 (4625 turns).

TrayleKats the Magician (Deep Elf Air Elementalist) Turns: 4625, Time: 00:04:37

Health: -3/32      AC:  2    Str:  5    XL:     6   Next: 13%
Magic:  1/15       EV: 13    Int: 22    God:    Sif Muna [......]
Gold:   61         SH:  0    Dex: 15    Spells: 7/15 levels left

rFire   . . .        n - +2 scimitar (holy)
rCold   . . .        (no shield)
rNeg    . . .        a - +0 robe
rPois   .            (no helmet)
rElec   .            (no cloak)
rCorr   .            (no gloves)
SInv    .            (no boots)
Will    .....        (no amulet)
Stlth   ++           (no ring)
HPRegen 0.25/turn    (no ring)
MPRegen 0.14/turn

%: no passive effects
@: very slightly contaminated
A: no striking features
a: Renounce Religion


You were on level 4 of the Dungeon.
You worshipped Sif Muna.
Sif Muna was noncommittal.
You visited 1 branch of the dungeon, and saw 4 of its levels.

You collected 236 gold pieces.
You spent 175 gold pieces at shops.

Inventory:

Hand Weapons
 n - a +2 scimitar of holy wrath (weapon)
Armour
 a - a +0 robe (worn)
Scrolls
 c - 2 scrolls of noise
 e - 4 scrolls of teleportation
Potions
 b - a potion of magic
 d - 2 potions of haste {unknown}
 f - a potion of brilliance {unknown}
 g - a potion of degeneration {unknown}
 h - 4 potions of might
 i - 2 potions of lignification {unknown}
 j - a potion of attraction {unknown}
 l - a potion of heal wounds {unknown}


   Skills:
 - Level 3.2 Dodging
 - Level 3.2 Stealth
 + Level 5.2 Spellcasting
 + Level 3.6 Conjurations
 + Level 4.4 Air Magic


You had 7 spell levels left.
You knew the following spells:

 Your Spells              Type           Power      Damage    Failure   Level
a - Shock                 Conj/Air       92%        1d8       1%          1
b - Swiftness             Air            25%        N/A       4%          3
c - Airstrike             Air            12%        2d(2-18)  16%         4

Your spell library contained the following spells:

 Spells                   Type           Power      Damage    Failure   Level
 Static Discharge         Conj/Air       46%        2-4/arc   3%          2


Dungeon Overview and Level Annotations

Branches:
Dungeon (4/15)             Temple (0/1) D:4

Altars:
Dithmenos
Makhleb
Sif Muna

Shops:
D:3 (


Message History

Sif Muna accepts your kill.
A gnoll comes into view. It is wielding a +0 mace.
You have reached level 6!
Casting: Shock (safe; 1% risk of failure)
Confirm with . or Enter, or press ? or * to list all spells.
The spell is extremely dangerous to miscast (16% risk of failure)!
Continue anyway?
Aiming: Airstrike (extremely dangerous; 16% risk of failure)
Press: ? - help, Dir - move target, f - gnoll
Aim: a gnoll, wielding a +0 flail (covering ground quickly, empty space bonus: 6/8)
The air twists around and strikes the gnoll.
The gnoll is heavily wounded.
Aiming: Shock (safe; 1% risk of failure)
Press: ? - help, Q - select action, (/) - cycle Shift-Dir - straight line, f - gnoll, p - gnoll
Aim: a gnoll, wielding a +0 club and wearing a +0 chain mail (covering ground quickly, 84% to hit)
The zap hits the gnoll.
The gnoll is severely wounded.
The zap hits the gnoll.
The gnoll is lightly wounded.
Aiming: Shock (safe; 1% risk of failure)
Press: ? - help, Q - select action, (/) - cycle Shift-Dir - straight line, f - gnoll, p - gnoll
Aim: a gnoll, wielding a +0 mace, wearing a +0 leather armour and quivering stones (77% to hit)
You miscast Shock.
Nothing appears to happen.
The gnoll hits you with a +0 flail.
Aiming: Shock (safe; 1% risk of failure)
Press: ? - help, Q - select action, (/) - cycle Shift-Dir - straight line, f/p - gnoll
Aim: a gnoll, wielding a +0 mace, wearing a +0 leather armour and quivering stones (77% to hit)
The zap misses the gnoll. x2
The gnoll barely misses you. The gnoll attacks as you move away!
The gnoll hits you with a +0 flail!
Things that are here:
a +0 short sword; 8 stones; a kobold corpse You slash the gnoll!
You kill the gnoll!
Sif Muna accepts your kill. The gnoll closely misses you.
The gnoll attacks as you move away! The gnoll hits you with a +0 club.
The gnoll hits you with a +0 club!
* * * LOW HITPOINT WARNING * * *
The gnoll attacks as you move away! The gnoll hits you with a +0 club!
You die...

P.P............
.>..g..........
P.P..).<.......
.............# ##)..#
##g###.# #...# #..g# #
#..@# .# ##.###.# ..
##...## . ♣ ##.....#
##. ... #.#...#...#..
♣....##.#####
..#...#####
........#...#...#
..#...#.
♣..##..#.....#.###
#.....#
#.###...###...###)..##


You could see 2 gnolls.

Vanquished Creatures
  A phantom (D:4)
  A gnoll bouda (D:4)
  An orc priest (D:4)
  2 iguanas (D:4)
  A gnoll (D:4)
  6 adders
  A dart slug (D:2)
  4 orcs (D:4)
  9 ball pythons
  4 endoplasms
  A giant cockroach (D:3)
  8 goblins
  4 hobgoblins
  A jackal (D:2)
  2 quokkas
  5 bats
  3 frilled lizards
  3 kobolds
  2 rats
59 creatures vanquished.

Notes
Turn   | Place    | Note
-------+----------+-------------------------------------------
     0 | D:1      | TrayleKats the Deep Elf Air Elementalist began the quest
                  | for the Orb.
     0 | D:1      | Reached XP level 1. HP: 10/10 MP: 6/6
   430 | D:1      | Reached XP level 2. HP: 15/15 MP: 2/8
  1335 | D:2      | Found a faded altar of an unknown god.
  1338 | D:2      | Reached XP level 3. HP: 19/19 MP: 6/9
  2042 | D:2      | Reached XP level 4. HP: 24/24 MP: 8/11
  2106 | D:2      | Learned a level 3 spell: Swiftness
  2111 | D:2      | Learned a level 4 spell: Airstrike
  3154 | D:3      | Found a shadowy altar of Dithmenos.
  3155 | D:3      | Found a shimmering blue altar of Sif Muna.
  3155 | D:3      | Found a burning altar of Makhleb.
  3163 | D:3      | Became a worshipper of Sif Muna the Loreminder
  3205 | D:3      | Found Kanywag's Antique Weapon Boutique.
  3211 | D:3      | Bought a glowing scimitar for 175 gold pieces
  3329 | D:3      | Reached skill level 4 in Spellcasting
  3737 | D:4      | Reached XP level 5. HP: 12/28 MP: 10/13
  4007 | D:4      | Noticed a phantom
  4020 | D:4      | Killed a phantom
  4528 | D:4      | Reached skill level 5 in Spellcasting
  4583 | D:4      | Found a staircase to the Ecumenical Temple.
  4616 | D:4      | Reached XP level 6. HP: 32/32 MP: 7/15
  4625 | D:4      | Slain by a gnoll

Illustrated notes

Levels and vault maps discovered:
D:1:      psy_arrival_radial02, layout_basic
D:2:      minmay_inner_zag, layout_basic,
          dreamdust_ecumenical_altar_angels_and_demons
D:3:      layout_basic, minitemple, serial_shops, shop
D:4:      nicolae_cairo_tiling, layout_basic, kennysheep_little_box,
          minmay_temple_entry_trees, grunt_decor_cap, kennysheep_crisscross,
          hangedman_abyss_or_decor_lesser_grid

Skill      XL: |  1  2  3  4  5 |
---------------+----------------+-----
Stealth        | 3 |  3.2
Dodging        | 3 |  3.2
Conjurations   | 2 3 |  3.6
Spellcasting   | 4 5 |  5.2
Air Magic      | 4 |  4.4

Action                     |  1- 3 |  4- 6 || total
---------------------------+-------+-------++-------
  Melee: Spear             |     2 |     1 ||     3
         Scimitar          |       |     2 ||     2
   Cast: Shock             |    84 |    72 ||   156
         Airstrike         |       |     2 ||     2
    Use: Scroll            |       |     6 ||     6
 Armour: Robe              |     2 |     3 ||     5
  Dodge: Dodged            |    14 |     8 ||    22

Table legend: (Time is in decaauts)
 A = Elapsed time spent in this place.
 B = Non-inter-level travel time spent in this place.
 C = Inter-level travel time spent in this place.
 D = Time resting spent in this place.
 E = Time spent auto-exploring this place.
 F = Levels seen in this place.
 G = Mean time per level.
                   A        B        C        D        E       F      G
               +--------+--------+--------+--------+--------+-----+--------+
         Total |   4633 |   4499 |    134 |   1221 |   2955 |   4 | 1158.2 |
       Dungeon |   4633 |   4499 |    134 |   1221 |   2955 |   4 | 1158.2 |
               +--------+--------+--------+--------+--------+-----+--------+

Top non-repeatable levels by time:
     D:2: 1485 daAuts
     D:3: 1084 daAuts
     D:4: 1060 daAuts
     D:1: 1002 daAuts
